Unix NetHack Version 5.0.0-0 post-release - last build May 10 2026 23:12:36 (d1fa5d53e341ca933230fdaa984d921c805b60aa,branch:main).

Game began 2026-05-14 05:27:16, ended 2026-05-14 05:34:58.

BeardyHaddock, neutral male gnomish Archeologist

                    ------
                    |....|
                    |@...|
                    .....-#
                    ------#
                          #
                          #
                          #
                       ####
                       #-----
                       #..F<.
                        |(..|
                        -----

BeardyHaddock the Field Worker  St:12 Dx:7 Co:14 In:18 Wi:15 Ch:9  Neutral
Dlvl:3  $:132 HP:0(19) Pw:8(8) AC:9  Xp:3 T:1352  Burdened Blind

Latest messages:
 Are you waiting to get hit?  Use 'm' prefix to force a no-op (to rest).
 The first category perpetual motion device sizzles!
 You hit the wumpus.
 You see here a brown potion.
 The dust vortex misses the stone golem.
 The snake misses the teenage mutant ninja turtle.
 The yellow mold misses the Elvenking.
 The quasit bites the soldier ant.
 The amazon is killed!
 You hear the chime of a cash register.
 You feel less wobbly now.
 Everything looks SO boring now.
 You see here a broken chest.
 You kill the jackal!
 You see here a jackal corpse.
 There is a jackal corpse here; eat it? [ynq] (n) y
 This jackal corpse is gamey.
 You finish eating the jackal corpse.
 You see here a brown potion.
 z - a brown potion.
 You see here a broken chest.
 $ - 105 gold pieces (132 in total).
 A - a tripe ration.
 You have a little trouble removing a bronze spellbook.  Continue? [ynq] (q) q
 You have trouble lifting a broken chest containing 3 items.  Continue? [ynq] (q) y
 You have trouble lifting B - a broken chest containing 3 items.
 You rebalance your load.  Movement is difficult.
 What do you want to drop? [$a-km-tv-zAB or ?*] ?
 You drop a broken chest containing 3 items.
 Your movements are now unencumbered.
 You have a little trouble removing a bronze spellbook.  Continue? [ynq] (q) y
 You have a little trouble removing C - a bronze spellbook.
 D - a stained spellbook.
 E - a jeweled wand.
 Your movements are slowed slightly because of your load.
 What do you want to read? [jkvxCD or ?*] ?
 A cloud of darkness falls upon you.
 You can move again.
 You hear some noises.
 It bites!
 It bites!
 It bites!
 It bites!
 It bites!
 You die...
 Do you want your possessions identified? [ynq] (y) y
 Do you want to see your attributes? [ynq] (y) n
 Do you want an account of creatures vanquished? [ynaq] (y) n
 Do you want to see your conduct and achievements? [ynq] (y) n
 Do you want to see the dungeon overview? [ynq] (y) n

Inventory:
 Coins    ('$')
  $ - 132 gold pieces
 Amulets  ('"')
  p - a cursed amulet of change
  m - an uncursed amulet of life saving
 Weapons  (')')
  o - 11 +0 elven arrows
  a - a +2 bullwhip (alternate weapon; not wielded)
 Armor    ('[')
  c - an uncursed +0 fedora (being worn)
  i - an uncursed +0 orcish helm
  w - an uncursed +0 elven mithril-coat
  b - a blessed +0 leather jacket (being worn)
 Comestibles  ('%')
  d - 3 uncursed food rations
  A - an uncursed tripe ration
 Scrolls  ('?')
  x - an uncursed scroll of confuse monster
  k - an uncursed scroll of earth
  v - an uncursed scroll of fire
  j - an uncursed scroll of teleportation
 Spellbooks  ('+')
  C - an uncursed spellbook of cone of cold
  D - an uncursed spellbook of confuse monster
 Potions  ('!')
  z - an uncursed potion of healing
  n - a potion of holy water
 Rings    ('=')
  s - a cursed ring of polymorph
  y - an uncursed ring of slow digestion
 Wands    ('/')
  E - a wand of make invisible (0:8)
 Tools    ('(')
  h - an empty uncursed sack
  r - an uncursed oil lamp
  e - a corroded +0 pick-axe (weapon in right hand)
  t - a cursed tallow candle
  f - a tinning kit (0:62)
 Gems/Stones  ('*')
  q - an uncursed chrysoberyl stone
  g - an uncursed touchstone

BeardyHaddock the Archeologist's attributes:

Background:
 You were a Field Worker, a level 3 male gnomish Archeologist.
 You were neutral, nominally on a mission for Camaxtli
 who was opposed by Quetzalcoatl (lawful) and Huhetotl (chaotic).
 You were right-handed.
 You were in the Dungeons of Doom, on level 3.
 You entered the dungeon 1352 turns ago.
 It was nighttime.
 You had 54 experience points, 26 more were needed to attain level 4.

Basics:
 You had 0 out of 19 hit points.
 You had all 8 energy points (spell power).
 Your armor class was 9.
 Your wallet contained 132 zorkmids.
 Autopickup was off.

Final Characteristics:
 Your strength was 12 (limit:18/50).
 Your dexterity was 7 (limit:18).
 Your constitution was 14 (limit:18).
 Your intelligence was 18 (limit:19).
 Your wisdom was 15 (limit:18).
 Your charisma was 9 (limit:18).

Final Status:
 You were temporarily blind.
 You weren't hungry.
 You were burdened; movement was slightly slowed.
 You were wielding a pick-axe.
 You had basic skill with pick-axe.

Final Attributes:
 You were devoutly aligned.
 You had automatic searching.
 You had infravision.
 You were lucky.
 You are dead.

Miscellaneous:
 You didn't encounter any bones levels.
 Total elapsed playing time was 7 minutes and 41 seconds.

Major events:
 Turn
    1: BeardyHaddock the neutral male gnomish Archeologist entered the dungeon
 1121: attained the rank of Field Worker (level 3)
 1352: killed by a giant bat

You didn't know any spells.

Skills:
 Fighting Skills
   bare handed combat [Unskilled]
   two weapon combat  [Unskilled]
   riding             [Unskilled]
 Weapon Skills
   dagger             [Unskilled]
   knife              [Unskilled]
   pick-axe           [Basic]
   short sword        [Unskilled]
   saber              [Unskilled]
   club               [Unskilled]
   quarterstaff       [Unskilled]
   sling              [Unskilled]
   dart               [Unskilled]
   boomerang          [Unskilled]
   whip               [Basic]
   unicorn horn       [Unskilled]
 Spellcasting Skills
   attack spells      [Unskilled]
   healing spells     [Unskilled]
   divination spells  [Unskilled]
   matter spells      [Unskilled]

Voluntary challenges:
 Character rerolling was not enabled.
 You were an atheist.
 You never genocided any monsters.
 You never polymorphed an object.
 You never changed form.
 You used no wishes.
Achievement:
 You attained the rank of Field Worker.

 The Dungeons of Doom: levels 1 to 3
    Level 1:
       A fountain.
    Level 2:
    Level 3: <- You were here.
       Final resting place for
          you, killed by a giant bat.


Vanquished creatures:
 an acid blob
  a hobbit
  a green mold
  a gnome zombie
  9 jackals
  2 kobolds
  a goblin
  5 grid bugs
  3 lichens
  7 newts
31 creatures vanquished.

No species were genocided or became extinct.

Game over:
                       ----------
                      /          \
                     /    REST    \
                    /      IN      \
                   /     PEACE      \
                  /                  \
                  |  BeardyHaddock   |
                  |      132 Au      |
                  |   killed by a    |
                  |    giant bat     |
                  |                  |
                  |                  |
                  |       2026       |
                 *|     *  *  *      | *
        _________)/\\_//(\/(/\)/\//\/|_)_______

Goodbye BeardyHaddock the Archeologist...

You died in The Dungeons of Doom on dungeon level 3 with 435 points,
and 132 pieces of gold, after 1352 moves.
You were level 3 with a maximum of 19 hit points when you died.

